Unix NetHack Version 5.0.0-0 post-release - last build May  4 2026 22:22:43 (774f63e81ad911689b3a0859ea89b322d5daca8d,branch:main).

Game began 2026-05-07 06:20:57, ended 2026-05-07 07:42:16.

1212459919, neutral male human Barbarian

                                                 --
                                                 .|
                                                 .|
                                                 .|
                                                ...
                                         -------..
                                       . |..|...=-
                                       -.|....-..--
                                       |..........|
                                       ---.)......|
                                         |..G-.----
                                         ---@|.-
                                             |..
                                             ----

1212459919 the Bandit      St:18/02 Dx:16 Co:18 In:7 Wi:9 Ch:8  Neutral
Dlvl:8  $:59 HP:0(75) Pw:22(22) AC:2  Xp:7 T:3188 

Latest messages:
 You hit the rock with all your might.
 You stop digging.
 The gnome lord misses!
 You continue digging.
 You hit the rock with all your might.
 You stop digging.
 You begin bashing monsters with your pick-axe.
 You kill the gnome!
 You continue digging.
 You make an opening in the wall.
 The gnome lord hits!
 You stop digging.
 The gnome lord hits!
 You continue digging.
 You hit the rock with all your might.
 You stop digging.
 You continue digging.
 You hit the rock with all your might.
 You stop digging.
 You continue digging.
 You hit the rock with all your might.
 You stop digging.
 You continue digging.
 You hit the rock with all your might.
 You stop digging.
 You continue digging.
 You hit the rock with all your might.
 You stop digging.
 The gnome lord hits!
 You continue digging.
 You make an opening in the wall.
 The gnome lord hits!
 The gnome lord picks up a dagger.
 The gnome lord wields a dagger!
 You stop digging.
 You continue digging.
 You hit the rock with all your might.
 You stop digging.
 You smite the gnome lord!
 You continue digging.
 You hit the rock with all your might.
 You stop digging.
 The gnome lord thrusts his dagger.
 The gnome lord hits!
 You die...
 Do you want your possessions identified? [ynq] (y) y
 Do you want to see your attributes? [ynq] (y) y
 Do you want an account of creatures vanquished? [ynaq] (y) y
 Do you want to see your conduct and achievements? [ynq] (y) y
 Do you want to see the dungeon overview? [ynq] (y) y

Inventory:
 Coins    ('$')
  $ - 59 gold pieces
 Weapons  (')')
  n - a blessed +0 aklys
  a - a +0 two-handed sword
 Armor    ('[')
  u - an uncursed +0 pair of iron shoes (being worn)
  k - a blessed +1 dwarvish cloak (being worn)
  s - an uncursed +0 elven mithril-coat (being worn)
 Comestibles  ('%')
  f - a cursed fortune cookie
 Scrolls  ('?')
  H - an uncursed scroll of create monster
  i - an uncursed scroll of enchant armor
 Spellbooks  ('+')
  x - an uncursed spellbook of levitation
 Potions  ('!')
  E - an uncursed potion of extra healing
  D - an uncursed potion of monster detection
 Wands    ('/')
  z - a wand of digging (0:5)
  p - a wand of light (0:13)
 Tools    ('(')
  F - an empty uncursed sack
  C - a blessed brass lantern
  r - a magic marker (0:82)
  h - an uncursed oil lamp
  B - an uncursed oil lamp
  G - a +0 pick-axe (weapon in left hand)
  q - a cursed tallow candle
  j - an uncursed tin whistle

1212459919 the Barbarian's attributes:

Background:
 You were a Bandit, a level 7 male human Barbarian.
 You were neutral, on a mission for Crom
 who was opposed by Mitra (lawful) and Set (chaotic).
 You were left-handed.
 You were in the Gnomish Mines, on level 8.
 You entered the dungeon 3188 turns ago.
 You had 743 experience points, 537 more were needed to attain level 8.

Basics:
 You had 0 out of 75 hit points.
 You had all 22 energy points (spell power).
 Your armor class was 2.
 Your wallet contained 59 zorkmids.
 Autopickup was off.

Final Characteristics:
 Your strength was 18/02 (limit:18/100).
 Your dexterity was 16 (limit:18).
 Your constitution was 18 (limit:18).
 Your intelligence was 7 (limit:18).
 Your wisdom was 9 (limit:18).
 Your charisma was 8 (limit:18).

Final Status:
 You weren't hungry.
 You were unencumbered.
 You were wielding a pick-axe.
 You were unskilled in pick-axe.

Final Attributes:
 You were piously aligned.
 Your items were somewhat protected from fire.
 Your items were somewhat protected from cold.
 You were poison resistant.
 You were guarded.
 You were fast.
 You are dead.

Miscellaneous:
 You didn't encounter any bones levels.
 Total elapsed playing time was 1 hour, 20 minutes and 10 seconds.

Major events:
 Turn
    1: 1212459919 the neutral male human Barbarian entered the dungeon
  822: attained the rank of Pillager (level 3)
  838: entered the Gnomish Mines
 2211: attained the rank of Bandit (level 6)
 2262: reached Mine Town
 3188: killed by a gnome lord

You didn't know any spells.

Skills:
 Fighting Skills
   bare handed combat [Basic]
   two weapon combat  [Unskilled]
   riding             [Unskilled]
 Weapon Skills
   dagger             [Unskilled]
   axe                [Basic]
   pick-axe           [Unskilled]
   short sword        [Unskilled]
   broadsword         [Unskilled]
   long sword         [Unskilled]
   two-handed sword   [Basic]
   saber              [Unskilled]
   club               [Unskilled]
   mace               [Unskilled]
   morning star       [Unskilled]
   flail              [Unskilled]
   hammer             [Unskilled]
   quarterstaff       [Unskilled]
   spear              [Unskilled]
   trident            [Unskilled]
   bow                [Unskilled]
 Spellcasting Skills
   attack spells      [Unskilled]
   escape spells      [Unskilled]

Voluntary challenges:
 Character rerolling was not enabled.
 You never genocided any monsters.
 You never polymorphed an object.
 You never changed form.
 You used no wishes.
Achievements:
 You attained the rank of Pillager.
 You entered the Gnomish Mines.
 You attained the rank of Bandit.
 You entered Minetown.
 You entered a shop.
 You entered a temple.

 The Dungeons of Doom: levels 1 to 3
    Level 1:
       An altar to Crom, a fountain.
    Level 2:
    Level 3:
       A fountain.
       Stairs down to The Gnomish Mines.
 The Gnomish Mines: levels 4 to 8
    Level 4:
    Level 5:
    Level 6:
    Level 7:
       Many shops, a temple and an altar, many fountains.
    Level 8: <- You were here.
       Final resting place for
          you, killed by a gnome lord.


Vanquished creatures:
  a large mimic
  a small mimic
  a gnome mummy
  3 apes
  a rope golem
  a water nymph
  a mountain nymph
  4 gnome leaders
  a gnomish wizard
  a gray ooze
  a paper golem
  2 giant ants
 10 dwarves
  2 homunculi
  a rothe
  a giant bat
  2 coyotes
  2 hobbits
  2 cave spiders
  a red mold
 31 gnomes
  3 geckos
  2 jackals
  2 goblins
  a grid bug
  a bat
  5 lichens
  4 newts
88 creatures vanquished.

No species were genocided or became extinct.

Game over:
                       ----------
                      /          \
                     /    REST    \
                    /      IN      \
                   /     PEACE      \
                  /                  \
                  |    1212459919    |
                  |      59 Au       |
                  |   killed by a    |
                  |    gnome lord    |
                  |                  |
                  |                  |
                  |       2026       |
                 *|     *  *  *      | *
        _________)/\\_//(\/(/\)/\//\/|_)_______

Goodbye 1212459919 the Barbarian...

You died in The Gnomish Mines on dungeon level 8 with 3386 points,
and 59 pieces of gold, after 3188 moves.
You were level 7 with a maximum of 75 hit points when you died.

